Map: Catalyst LE

Players

RotterdaM

  • Race: Protoss Protoss
  • League: Grandmaster
  • Spawn Location: 5:00

tGG - Winner!

  • Race: Protoss Protoss
  • League: Grandmaster
  • Spawn Location: 11:00

VOD

Have the link to the VOD?

Description

Time

  • Played on: Dec. 6, 2017, 6:25 a.m.
  • Length: 6:01
Show
View Real Time Build Order
Export as new Build Order

RotterdaM Protoss 

Build Orders:  

Get SALT Encoding   

  12  0:00  Probe  
  13  0:13  Probe  
  14  0:17  Pylon  
  14  0:25  Probe  
  15  0:36  Gateway  
  15  0:37  Probe (Chrono Boost)  
  16  0:44  Assimilator  
  16  0:48  Probe (Chrono Boost)  
  17  0:55  Probe  
  18  1:00  Gateway  
  18  1:08  Probe (Chrono Boost)  
  18  1:09  Assimilator  
  20  1:20  Probe (Chrono Boost)  
  20  1:24  Cybernetics Core  
  20  1:27  Probe  
  21  1:35  Pylon  
  21  1:39  Probe  
  22  1:51  Probe  
  23  2:00  Stalker x2  
  27  2:03  Warp Gate  
  27  2:11  Pylon  
  27  2:17  Probe  
  28  2:30  Stalker x2  
  32  2:57  Nexus  
  32  3:04  Shield Battery  
  31  3:07  Probe (Chrono Boost)  
  33  3:15  Probe (Chrono Boost)  
  33  3:23  Stalker  
  33  3:26  Stalker  
  35  3:54  Robotics Facility  
  35  4:08  Twilight Council  
  33  4:13  Probe (Chrono Boost)  
  33  4:14  Probe (Chrono Boost)  
  35  4:17  Stalker x2  
  41  4:25  Probe (Chrono Boost)  
  41  4:26  Shield Battery  
  41  4:27  Probe (Chrono Boost)  
  41  4:29  Probe x2 (Chrono Boost)  
  43  4:40  Stalker  
  43  4:42  Stalker  
  43  4:43  Observer  
  41  5:04  Stalker  
  37  5:15  Stalker  
  37  5:17  Probe x2  
  41  5:29  Probe x2  
  41  5:31  Stalker  
  45  5:35  Shield Battery  
  44  5:48  Stalker  
Show
View Real Time Build Order
Export as new Build Order

tGG Protoss - Winner!

Build Orders: Oracle Opening 

Get SALT Encoding   

  12  0:00  Probe  
  13  0:13  Probe  
  14  0:18  Pylon  
  14  0:25  Probe  
  15  0:37  Gateway  
  15  0:38  Probe (Chrono Boost)  
  16  0:46  Assimilator  
  17  0:50  Probe (Chrono Boost)  
  17  0:57  Probe (Chrono Boost)  
  18  0:58  Assimilator  
  18  1:05  Probe (Chrono Boost)  
  19  1:17  Probe (Chrono Boost)  
  20  1:22  Gateway  
  20  1:27  Cybernetics Core  
  20  1:30  Probe  
  21  1:42  Probe  
  22  1:49  Pylon  
  22  1:54  Probe  
  23  2:12  Adept x2  
  23  2:15  Warp Gate (Chrono Boost)  
  27  2:24  Stargate, Pylon  
  27  2:42  Stalker x2  
  31  2:45  Pylon  
  31  3:10  Gateway  
  34  3:14  Oracle  
  34  3:29  Stalker x2  
  34  3:31  Pylon  
  38  3:34  Pylon  
  39  3:59  Oracle (Chrono Boost)  
  37  4:12  Stalker x2  
  41  4:17  Stalker  
  43  4:26  Gateway  
  43  4:39  Stalker x2  
  47  4:51  Stalker  
  46  5:03  Stalker x2  
  46  5:27  Stalker x3  
  52  5:32  Stalker  
  44  5:59  Stalker x2  
  44  6:00  Stalker  
Tags
 
Add a new tag
Caveats
  • Supply blocks, unpowered buildings, or Contaminate may cause inaccurate times.
  • Supply counts are checked every 10 seconds.